 Dungeon Crawl Stone Soup version 0.31.0-32-g396128a36d (webtiles) character file.

Game seed: 405769678577198372

118 Glalom the Grasshopper (level 4, 0/25 HPs)
             Began as a Spriggan Warper on Apr 10, 2024.
             Slain by an orc
             ... wielding a +0 dagger
              (3 damage)
             ... on level 3 of the Dungeon.
             The game lasted 00:11:57 (2881 turns).

Glalom the Grasshopper (Spriggan Warper)            Turns: 2881, Time: 00:11:58

Health: 0/25       AC:  2    Str:  7    XL:     4   Next: 72%
Magic:  7/9        EV: 22    Int: 16    God:
Gold:   111        SH:  0    Dex: 14    Spells: 4/8 levels left

rFire   . . .        a - +0 short sword
rCold   . . .        (no shield)
rNeg    . . .        b - +0 robe
rPois   .            (helmet restricted)
rElec   .            (no cloak)
rCorr   .            (gloves unavailable)
SInv    +            (boots unavailable)
Will    .....        (no amulet)
Stlth   ++           e - +5 ring of evasion
HPRegen 0.24/turn    (no ring)
MPRegen 0.11/turn

%: no passive effects
@: on blink cooldown, very quick
A: very small, no large weapons, unfitting armour, see invisible, speed 3
a: no special abilities


You were on level 3 of the Dungeon.
You visited 1 branch of the dungeon, and saw 3 of its levels.

You collected 111 gold pieces.

Inventory:

Hand Weapons
 a - a +0 short sword (weapon)
Missiles
 c - 2 throwing nets
 d - 7 darts of dispersal (quivered)
Armour
 b - a +0 robe (worn)
Jewellery
 e - a +5 ring of evasion (left hand)
Scrolls
 f - 2 scrolls of summoning {unknown}
 i - 2 scrolls of identify {unknown}
 l - a scroll of teleportation {unknown}
Potions
 g - 2 potions of haste {unknown}
 h - a potion of cancellation {unknown}
 j - a potion of curing {unknown}
 k - a potion of mutation {unknown}
 m - a potion of heal wounds {unknown}


   Skills:
 + Level 3.7 Fighting
 - Level 2.1 Short Blades
 - Level 1.0 Throwing
 - Level 3.2 Dodging
 - Level 3.0 Stealth
 - Level 2.6 Spellcasting
 - Level 4.4 Translocations


You had 4 spell levels left.
You knew the following spells:

 Your Spells              Type           Power      Damage    Failure   Level
a - Blink                 Tloc           32%        N/A       4%          2
b - Lesser Beckoning      Tloc           32%        N/A       4%          2

Your spell library contained the following spells:

 Spells                   Type           Power      Damage    Failure   Level
 Teleport Other           Tloc           16%        N/A       10%         3
 Foxfire                  Conj/Fire      8%         2x1d4     19%         1
 Sting                    Conj/Alch      8%         1d3       19%         1
 Mercury Vapours          Alch/Air       4%         N/A       28%         2
 Manifold Assault         Tloc           16%        N/A       32%         4
 Vhi's Electric Charge    Tloc/Air       18%        N/A       61%         4
 Olgreb's Toxic Radiance  Alch           2%         N/A       88%         4
 Plasma Beam              Fire/Air       1%         2x1d11    100%        6
 Starburst                Conj/Fire      1%         6d3       100%        6


Dungeon Overview and Level Annotations

Branches:
Dungeon (3/15)

Altars:

Annotations:
D:2 Sigmund


Innate Abilities, Weirdness & Mutations

You are very small and have problems with some larger weapons.
You are too small for most types of armour.
You have supernaturally acute eyesight. (SInv)
You cover ground extremely quickly. (Speed+++)


Message History

You hit the orc wizard.
The orc wizard is moderately wounded.
The orc wizard completely misses you.
You hit the orc wizard but do no damage.
The orc wizard is moderately wounded.
The orc wizard hits you with a +0 dagger.
You hit the orc wizard.
The orc wizard is heavily wounded.
The orc wizard hits you with a +0 dagger.
You barely miss the orc wizard.
The orc wizard is heavily wounded.
The orc wizard misses you.
You barely miss the orc wizard.
The orc wizard is heavily wounded.
The orc wizard hits you but does no damage.
You closely miss the orc wizard.
The orc wizard is heavily wounded.
The orc wizard misses you.
You closely miss the orc wizard.
The orc wizard is heavily wounded.
You hit the orc wizard but do no damage.
The orc wizard is heavily wounded.
The orc wizard hits you but does no damage.
You closely miss the orc wizard.
The orc wizard is heavily wounded.
The orc wizard casts a spell at you. The magic dart hits you.
You hit the orc wizard but do no damage.
The orc wizard is heavily wounded.
The orc wizard misses you. The endoplasm freezes you.
You are frozen.
* * * LOW HITPOINT WARNING * * *
Okay, then.
Casting: Blink (safe; 4% risk of failure)
Confirm with . or Enter, or press ? or * to list all spells.
You blink.
The orc hits you with a +0 dagger.
* * * LOW HITPOINT WARNING * * *
The orc hits you with a +0 dagger.
You die...

###..#
#....#
#.#.##
#.#.# #.#J#
#.#o# #.#o#
##..##.#o#
.......@o#
.....$...#
.#..##.#...
... ..#####
. ?.. ....
.....
.#.b..


You could see an orc wizard, 3 orcs, an endoplasm and a bat (wandering).

Vanquished Creatures
  Robin (D:2)
  3 adders
  2 dart slugs (D:1)
  2 orcs (D:3)
  4 bats
  5 endoplasms
  3 giant cockroaches
  16 goblins
  8 hobgoblins
  2 quokkas
  9 ball pythons
  2 frilled lizards
  8 kobolds
  6 rats
71 creatures vanquished.

Notes
Turn   | Place    | Note
-------+----------+-------------------------------------------
     0 | D:1      | Glalom the Spriggan Warper began the quest for the Orb.
     0 | D:1      | Reached XP level 1. HP: 10/10 MP: 5/5
   261 | D:1      | Reached XP level 2. HP: 15/15 MP: 6/6
   466 | D:1      | Reached skill level 1 in Stealth
   660 | D:1      | Reached XP level 3. HP: 13/19 MP: 8/8
  1013 | D:1      | Learned a level 2 spell: Blink
  1016 | D:1      | Learned a level 2 spell: Lesser Beckoning
  1340 | D:2      | Noticed Sigmund
  2051 | D:2      | Reached XP level 4. HP: 16/24 MP: 9/9
  2251 | D:2      | Noticed Robin
  2298 | D:2      | Killed Robin
  2881 | D:3      | Slain by an orc

Illustrated notes

Levels and vault maps discovered:
D:1:      wander_arrival_peaceful_grave, layout_basic, serial_curves,
          eino_curves_04, eino_curves_01, eino_curves_04
D:2:      minmay_diamond_boxcup, layout_loops_cross, uniq_sigmund, uniq_robin
D:3:      layout_loops_ring

Skill      XL: |  1  2  3 |
---------------+----------+-----
Fighting       | 2 3 |  3.7
Stealth        | 2 3 |  3.0
Short Blades   | |  2.1
Throwing       | |  1.0
Dodging        | |  3.2
Spellcasting   | |  2.6
Translocations | |  4.4

Action                     |  1- 3 |  4- 6 || total
---------------------------+-------+-------++-------
  Melee: Short sword       |   222 |   103 ||   325
         Punch             |     1 |       ||     1
   Cast: Blink             |     1 |     1 ||     2
         Lesser Beckoning  |     1 |       ||     1
    Use: Scroll            |     1 |       ||     1
   Stab: Sleeping          |    10 |     2 ||    12
 Armour: Robe              |    38 |    32 ||    70
  Dodge: Dodged            |   153 |    63 ||   216
